 Dungeon Crawl Stone Soup version 0.28-a0-1447-ga5a8893891 (webtiles) character file.

Game seed: 17850171693093162691

2795 chakani the Severer (level 9, -2/78 HPs)
             Began as a Hill Orc Fighter on Jan 11, 2022.
             Was a Believer of Okawaru.
             Slain by an orc wizard (4 damage)
             ... on level 7 of the Dungeon.
             The game lasted 00:08:01 (8902 turns).

chakani the Severer (Hill Orc Fighter)              Turns: 8902, Time: 00:08:01

Health: -2/78      AC:  5    Str: 21    XL:     9   Next: 71%
Magic:  9/9        EV: 10    Int: 10    God:    Okawaru [**....]
Gold:   376        SH:  0    Dex: 10    Spells: 8/8 levels left

rFire   . . .      SeeInvis .   a - +0 war axe
rCold   . . .      Faith    .   c - +0 buckler
rNeg    . . .      Spirit   .   p - +0 steam dragon scales
rPois   .          Reflect  .   (helmet restricted)
rElec   .          Harm     .   (no cloak)
rCorr   .          Rampage  .   (no gloves)
Will    .....                   (no boots)
Stlth   +.........              (no amulet)
HPRegen 0.23/turn               (no ring)
MPRegen 0.11/turn               (no ring)

@: confused, lethally poisoned (-2 -> -5), unable to read
A: horns 1, robust 1, inability to read while threatened
a: Renounce Religion, Heroism


You were on level 7 of the Dungeon.
You worshipped Okawaru.
Okawaru was pleased with you.
You visited 2 branches of the dungeon, and saw 8 of its levels.
You also visited: Sewer.

You collected 376 gold pieces.

Inventory:

Hand Weapons
 a - a +0 war axe (weapon)
Missiles
 t - a throwing net (quivered)
Armour
 c - a +0 buckler (worn)
 p - +0 steam dragon scales (worn)
Wands
 b - a wand of digging (5)
 u - a wand of polymorph (11)
Scrolls
 f - a scroll of vulnerability {unknown}
 h - 3 scrolls of noise {unknown}
 i - 8 scrolls of identify {unknown}
 k - a scroll of enchant weapon {unknown}
 l - 2 scrolls of blinking
 m - a scroll of enchant armour {unknown}
 q - 2 scrolls of amnesia {unknown}
 r - a scroll of magic mapping {unknown}
 s - a scroll of fog {unknown}
Potions
 d - a potion of might
 j - a potion of brilliance {unknown}
 o - a potion of degeneration


   Skills:
 - Level 3.7 Fighting
 + Level 16.5 Axes
 - Level 3.4 Armour
 - Level 3.4 Shields


You had 8 spell levels left.
You didn't know any spells.
Your spell library contained the following spells:

 Spells                   Type           Power      Damage    Failure   Level
 Pain                     Necr           0%         1d4       45%         1
 Stone Arrow              Conj/Erth      0%         3d7       83%         3
 Vampiric Draining        Necr           0%         2d6       83%         3
 Anguish                  Hex/Necr       0%         N/A       99%         4
 Silence                  Hex/Air        0%         N/A       100%        5
 Animate Skeleton         Necr           Unusable   N/A       N/A         1

Dungeon Overview and Level Annotations

Branches:
Dungeon (7/15)             Temple (1/1) D:4           Sewer (visited)

Altars:
Ashenzari
Cheibriados
Dithmenos
Elyvilon
Fedhas
Gozag
Hepliaklqana
Kikubaaqudgha
Makhleb
Nemelex Xobeh
Okawaru
Qazlal
Ru
Sif Muna
Trog
Uskayaw
Vehumet
Wu Jian
Xom
Yredelemnul
Zin
The Shining One

Shops:
D:3 =

Annotations:
D:4 2 transporters, IdlyInterested's ghost, amateur DsGl


Innate Abilities, Weirdness & Mutations

You have a pair of small horns on your head.
You are robust. (+10% HP)
You sometimes lose the ability to read scrolls when taking damage.


Message History

You are too injured to fight recklessly!
Unknown command.
You closely miss the orc priest.
You headbutt the orc priest, but do no damage.
The orc priest is almost dead.
You hit the orc wizard. You barely miss the sky beast.
You feel sick. The sky beast barely misses you.
You block the orc wizard's attack.
The orc priest zaps a wand.
The bolt of acid hits you!
* * * LOW HITPOINT WARNING * * *
You slash the orc priest!
You kill the orc priest!
Okawaru accepts your kill.
You closely miss the sky beast. You barely miss the orc wizard.
You feel sick.
The sky beast hits you but does no damage.
You feel sick. You block the orc wizard's attack.
Things that are here:
a +0 club; a wand of acid (3); an orc corpse Unknown command.
You hit the orc wizard. Your headbutt misses the orc wizard.
The orc wizard is almost dead.
You hit the sky beast.
You feel sick.
The orc wizard points at you and mumbles some strange words.
You are confused.
You miss the orc wizard.
The orc wizard is almost dead.
You barely miss the sky beast. The sky beast closely misses you.
The orc wizard hits you but does no damage.
You are lethally poisoned!
You're too confused to move!
* * * LOW HITPOINT WARNING * * *
You feel sick.
The sky beast flickers out of sight!
Deactivating autopickup; reactivate with Ctrl-A.
Something hits you but does no damage. The orc wizard barely misses you.
* * * LOW HITPOINT WARNING * * *
You feel sick.
Unknown command.
* * * LOW HITPOINT WARNING * * *
You feel sick.
The orc wizard hits you with a +0 dagger of venom.
You die...

#....##.. .....
#........ ##...#
.....#..# ##...#
...#.... ...# .#
.......####))# ..#
#..[.....##...#
##.[..)....#'''#
#....)..).......
##..@o<##........
##....)..≈........
.#...#.............
......###..#........
##......#..#.......#
#..##...#....(..##.#
#..........#....# .
##.........##......
..#.....#..#...#...


You could see an orc wizard.

Vanquished Creatures
  Pikel (D:4)
  A steam dragon (D:7)
  2 black bears
  An orc warrior (D:6)
  A necrophage (D:5)
  2 sky beasts
  A tengu (D:5)
  An ogre (D:6)
  A phantom (D:4)
  A centaur (D:7)
  2 kobold brigands
  Blork the orc (D:5)
  3 scorpions
  A bullfrog (Sewer)
  A water moccasin zombie (D:6)
  A wyvern skeleton (D:5)
  A killer bee (D:6)
  A howler monkey (D:7)
  3 orc priests
  2 hounds (D:7)
  2 bullfrog skeletons
  A gnoll shaman (D:5)
  3 iguanas
  3 orc wizards (D:6)
  Robin (D:3)
  10 gnolls
  7 adders
  A howler monkey skeleton (D:6)
  2 white imps (D:5)
  2 ufetubi
  An adder skeleton (D:4)
  A worm (D:2)
  A dart slug (D:2)
  8 orcs
  14 endoplasms
  8 giant cockroaches
  11 goblins
  6 hobgoblins
  5 jackals
  13 kobolds
  10 quokkas
  12 ball pythons
  5 bats (D:2)
  8 frilled lizards
  5 rats
168 creatures vanquished.

Vanquished Creatures (others)
  A gnoll (D:7)
1 creature vanquished.

Grand Total: 169 creatures vanquished

Notes
Turn   | Place    | Note
-------+----------+-------------------------------------------
     0 | D:1      | chakani the Hill Orc Fighter began the quest for the Orb.
     0 | D:1      | Reached XP level 1. HP: 19/19 MP: 1/1
    44 | D:1      | You fall into a shaft and drop 1 floor!
   454 | D:1      | Reached skill level 3 in Axes
   454 | D:1      | Reached XP level 2. HP: 27/27 MP: 2/2
   966 | D:2      | Reached skill level 4 in Axes
   973 | D:2      | Reached XP level 3. HP: 26/33 MP: 3/3
  1633 | D:1      | Reached skill level 5 in Axes
  1633 | D:1      | Reached XP level 4. HP: 11/40 MP: 4/4
  2058 | D:3      | Found Ziush's Jewellery Emporium.
  2061 | D:3      | Found a glowing drain.
  2084 | Sewer    | Entered a sewer
  2235 | Sewer    | Reached skill level 6 in Axes
  2415 | Sewer    | Reached XP level 5. HP: 37/46 MP: 5/5
  2780 | Sewer    | Reached skill level 7 in Axes
  2809 | Sewer    | Got the Papyrus of Earth and Enchantment
  3114 | D:3      | Noticed Robin
  3115 | D:3      | Reached XP level 6. HP: 50/52 MP: 6/6
  3122 | D:3      | Killed Robin
  3463 | D:3      | Reached skill level 8 in Axes
  3927 | D:4      | Found a transporter.
  3928 | D:4      | Found a transporter.
  3928 | D:4      | Noticed IdlyInterested's ghost (amateur DsGl)
  3997 | D:4      | Noticed Pikel
  4012 | D:4      | Killed Pikel
  4013 | D:4      | Reached skill level 11 in Axes
  4013 | D:4      | Reached XP level 7. HP: 16/58 MP: 7/7
  4374 | D:4      | Found a staircase to the Ecumenical Temple.
  4676 | D:4      | Found a sparkling altar of Nemelex Xobeh.
  4998 | Temple   | Entered the Ecumenical Temple
  5150 | Temple   | Became a worshipper of Warmaster Okawaru
  5198 | D:5      | Entered Level 5 of the Dungeon
  5246 | D:5      | Reached XP level 8. HP: 57/66 MP: 8/8
  5394 | D:5      | Noticed Blork the orc
  5396 | D:5      | Identified the +2 leather armour of Baoph {Will+ Dex+2}
  5402 | D:5      | Killed Blork the orc
  5403 | D:5      | Reached skill level 12 in Axes
  5659 | D:5      | Noticed a hornet
  5663 | D:5      | a hornet changed into a tengu
  5666 | D:5      | Gained mutation: You sometimes lose the ability to read
                  | scrolls when taking damage. [potion of mutation]
  5666 | D:5      | Gained mutation: You are robust. (+10% HP) [potion of
                  | mutation]
  5666 | D:5      | Gained mutation: You have a pair of small horns on your
                  | head. [potion of mutation]
  5683 | D:5      | Reached * piety under Okawaru
  5953 | D:5      | Reached skill level 13 in Axes
  6572 | D:5      | Reached skill level 14 in Axes
  6790 | D:6      | Reached XP level 9. HP: 55/78 MP: 9/9
  6991 | D:6      | Reached ** piety under Okawaru
  7440 | D:6      | Reached skill level 15 in Axes
  8147 | D:7      | Reached skill level 16 in Axes
  8901 | D:7      | HP: 3/78 [poisoned by an orc wizard]
  8902 | D:7      | Slain by an orc wizard

Illustrated notes

Levels and vault maps discovered:
D:1:      wander_arrival_estate, layout_loops_ring, minmay_strange_pillars
D:2:      layout_rooms
D:3:      layout_loops_ring, portal_sewer_entry_b, serial_shops,
          nicolae_shop_crystal, uniq_robin
D:4:      layout_layer_cave, nemelex_dance_club_becter, temple_fountains,
          gammafunk_ghost_arena, kennysheep_generic_room_12, uniq_pikel
D:5:      layout_loops_ring, chequers_decorated_corner, uniq_blork_the_orc
D:6:      layout_gridville
D:7:      layout_cave_pools, serial_gnoll_camp, gnoll_camp_mini_house,
          gnoll_camp_mini_hut, gnoll_camp_mini_hut, gnoll_camp_mini_doghouse,
          gnoll_camp_medium_02, gnoll_camp_huts_moat, kennysheep_cross_room,
          chequers_serial_rivers_small_b
Temple:   kilobyte_greek_temple

Skill      XL: |  1  2  3  4  5  6  7  8  9 |
---------------+----------------------------+-----
Axes           | 3 4 5 6 7 11 14 16 | 16.5
Fighting       | |  3.7
Armour         | |  3.4
Shields        | |  3.4

Action                   |  1- 3 |  4- 6 |  7- 9 || total
-------------------------+-------+-------+-------++-------
Melee: War axe           |    77 |   173 |   280 ||   530
       Headbutt          |       |       |    26 ||    26
Evoke: Wand              |       |       |     1 ||     1
  Use: Potion            |       |       |     7 ||     7
Armor: Scale mail        |    24 |    64 |       ||    88
       Ring mail         |       |    22 |    64 ||    86
       Steam dragon scal |       |       |    21 ||    21
Dodge: Dodged            |    35 |    79 |   136 ||   250
Block: Buckler           |    23 |    41 |    72 ||   136

Table legend: (Time is in decaauts)
 A = Elapsed time spent in this place.
 B = Non-inter-level travel time spent in this place.
 C = Inter-level travel time spent in this place.
 D = Time resting spent in this place.
 E = Time spent auto-exploring this place.
 F = Levels seen in this place.
 G = Mean time per level.
                   A        B        C        D        E       F      G
               +--------+--------+--------+--------+--------+-----+--------+
         Total |   9042 |   8734 |    308 |   1417 |   5746 |   9 | 1004.7 |
       Dungeon |   7827 |   7584 |    243 |   1417 |   5041 |   7 | 1118.1 |
        Temple |    190 |    126 |     64 |      0 |    121 |   1 |  190.0 |
         Sewer |   1024 |   1024 |      0 |      0 |    583 |   1 | 1024.0 |
               +--------+--------+--------+--------+--------+-----+--------+

Top non-repeatable levels by time:
     D:6: 1866 daAuts
     D:5: 1585 daAuts
     D:4: 1376 daAuts
     D:1: 1222 daAuts
   Sewer: 1024 daAuts
     D:2: 792 daAuts
     D:3: 771 daAuts
     D:7: 212 daAuts
  Temple: 190 daAuts
